HSSL
BILLINGS WEST HS GOLDEN BEARS @ OLIVER AMES HS TIGERS
04/09/2024
 
TOP OF THE 1ST
Billings West HS Golden Bears batting - Pitching for Oliver Ames HS Tigers : LHP Terry Stanley
Pitching: LHP Terry Stanley
Batting: RHB Dennis Garner 0-0: Ball
1-0: DOUBLE (Line Drive, 7LM)
Batting: RHB Henry Gregory 0-0: Called Strike
0-1: Swinging Strike
0-2: Ground out 2-3 (Groundball, 25)
Dennis Garner to third
Batting: RHB Cole Boehmer 0-0: Fly out, F8 (Flyball, 8LM)
Runner from 3rd tags up, SCORES, no throw
Batting: LHB Duane Lemay 0-0: Called Strike
0-1: Ball
1-1: SINGLE (Groundball, 4MD) (infield hit)
Batting: RHB Chris Hall 0-0: Foul Ball, location: 2F
0-1: Ball
1-1: Ball
2-1: DOUBLE (Line Drive, 89M)
Duane Lemay to third
Runner from 3rd tries for Home, SAFE, no throw or cutoff
Batting: LHB Andrew Holt 0-0: Called Strike
0-1: Foul Ball, location: 2F
0-2: Ball
1-2: Strikes out looking
Top of the 1st over - 2 run(s), 3 hit(s), 0 error(s), 1 left on base; Billings West HS 2 - Oliver Ames HS 0
BOTTOM OF THE 1ST
Oliver Ames HS Tigers batting - Pitching for Billings West HS Golden Bears : RHP Otis Buchanan
Pitching: RHP Otis Buchanan
Batting: RHB Quentin Underwood 0-0: Ball
1-0: Ground out 4-3 (Groundball, 4)
Batting: RHB James Hunter 0-0: Fly out, F7 (Flyball, 78M)
Batting: RHB Denver Baker 0-0: Foul Ball, location: 2F
0-1: Hit by Pitch
Batting: LHB Eugene Lee 0-0: Ball
1-0: SINGLE (Groundball, 4M)
Denver Baker to second
Batting: RHB Jimmy King 0-0: Ball
1-0: Ground out 6-3 (Groundball, 56)
Bottom of the 1st over - 0 run(s), 1 hit(s), 0 error(s), 2 left on base; Billings West HS 2 - Oliver Ames HS 0
TOP OF THE 2ND
Billings West HS Golden Bears batting - Pitching for Oliver Ames HS Tigers : LHP Terry Stanley
Batting: RHB Bill Reed 0-0: Ball
1-0: Ball
2-0: Called Strike
2-1: Ball
3-1: Base on Balls
Batting: SHB Ray O'Dell 0-0: Fly out, F8 (Flyball, 8LM)
Batting: RHB Jason Nava 0-0: Foul Ball, location: 2F
0-1: Fly out, F6 (Line Drive, 6)
Batting: RHB Dennis Garner 0-0: Ball
1-0: Ball
2-0: Foul Ball, location: 2F
2-1: Ball
3-1: Base on Balls
Bill Reed to second
Batting: RHB Henry Gregory 0-0: Ball
1-0: Ball
2-0: Ball
3-0: Called Strike
3-1: Base on Balls
Bill Reed to third
Dennis Garner to second
Batting: RHB Cole Boehmer 0-0: Ball
1-0: Called Strike
1-1: Ball
2-1: Ball
3-1: Base on Balls
Bill Reed scores
Dennis Garner to third
Henry Gregory to second
Batting: LHB Duane Lemay 0-0: Ball
1-0: Ball
2-0: Called Strike
2-1: Foul Ball, location: 2F
2-2: Ball
3-2: Base on Balls
Dennis Garner scores
Henry Gregory to third
Cole Boehmer to second
Batting: RHB Chris Hall 0-0: Foul Ball, location: 2F
0-1: Ball
1-1: GRAND SLAM HOME RUN (Flyball, 7D), Distance : 398 ft
Batting: LHB Andrew Holt 0-0: Foul Ball, location: 2F
0-1: Ball
1-1: Foul Ball, location: 2F
1-2: Ball
2-2: Ball
3-2: Fly out, F7 (Flyball, 78M)
Top of the 2nd over - 6 run(s), 1 hit(s), 0 error(s), 0 left on base; Billings West HS 8 - Oliver Ames HS 0
BOTTOM OF THE 2ND
Oliver Ames HS Tigers batting - Pitching for Billings West HS Golden Bears : RHP Otis Buchanan
Batting: RHB Mason Thompson 0-0: Ball
1-0: Ball
2-0: Ball
3-0: Base on Balls
Batting: LHB Miguel García 0-0: Ball
1-0: Ball
2-0: SINGLE (Groundball, 4M)
Mason Thompson to second
Batting: RHB Earl Frank 0-0: Foul Ball, location: 2F
0-1: Ball
1-1: Ball
2-1: Fly out, F8 (Flyball, 8RM)
Batting: LHB Jason King 0-0: Called Strike
0-1: Called Strike
0-2: Strikes out swinging
Batting: RHB Quentin Underwood 0-0: Ball
1-0: Ball
2-0: Called Strike
2-1: Ball
3-1: Base on Balls
Mason Thompson to third
Miguel García to second
Batting: RHB James Hunter 0-0: Ball
Wild Pitch!
Mason Thompson scores
Miguel García to third
Quentin Underwood to second
1-0: Ball
2-0: Called Strike
2-1: Called Strike
2-2: Ball
3-2: Foul Ball, location: 2F
3-2: Base on Balls
Batting: RHB Denver Baker 0-0: Ball
Wild Pitch!
Miguel García scores
Quentin Underwood to third
James Hunter to second
1-0: Called Strike
1-1: Ball
2-1: Ball
3-1: Fly out, F9 (Flyball, 89D)
Bottom of the 2nd over - 2 run(s), 1 hit(s), 0 error(s), 2 left on base; Billings West HS 8 - Oliver Ames HS 2
TOP OF THE 3RD
Billings West HS Golden Bears batting - Pitching for Oliver Ames HS Tigers : LHP Terry Stanley
Pitching: RHP Bill Simmons
Batting: RHB Bill Reed 0-0: Ball
1-0: Ball
2-0: Ball
3-0: Base on Balls
Batting: SHB Ray O'Dell 0-0: Ball
1-0: Called Strike
1-1: SINGLE (Line Drive, 34D)
Bill Reed to second
Batting: RHB Jason Nava 0-0: SINGLE (Line Drive, 6MD)
Bill Reed to third
Ray O'Dell to second
Batting: RHB Dennis Garner 0-0: Foul Ball, location: 2F
0-1: Ball
Wild Pitch!
Bill Reed scores
Ray O'Dell to third
Jason Nava to second
1-1: Foul Ball, location: 2F
1-2: 3-RUN HOME RUN (Flyball, 78XD), Distance : 424 ft
Pitching: RHP Keith Thomas
Batting: RHB Henry Gregory 0-0: Fly out, F4 (Line Drive, 4M)
Batting: RHB Cole Boehmer 0-0: Foul Ball, location: 2F
0-1: Foul Ball, location: 2F
0-2: Ball
1-2: Ball
2-2: Ground out 4-3 (Groundball, 4)
Batting: LHB Duane Lemay 0-0: Called Strike
0-1: Called Strike
0-2: Ground out 6-3 (Groundball, 6M)
Top of the 3rd over - 4 run(s), 3 hit(s), 0 error(s), 0 left on base; Billings West HS 12 - Oliver Ames HS 2
BOTTOM OF THE 3RD
Oliver Ames HS Tigers batting - Pitching for Billings West HS Golden Bears : RHP Otis Buchanan
Batting: LHB Eugene Lee 0-0: Ball
1-0: Ball
2-0: Called Strike
2-1: Ball
3-1: Base on Balls
Batting: RHB Jimmy King 0-0: Ball
1-0: Ball
2-0: Ball
3-0: Called Strike
3-1: Swinging Strike
3-2: SINGLE (Line Drive, 7LS)
Eugene Lee to second
Batting: RHB Mason Thompson 0-0: Ball
1-0: Called Strike
1-1: Swinging Strike
1-2: Foul Ball, location: 2F
1-2: Foul Ball, location: 2F
1-2: Fly out, F8 (Flyball, 8LS)
Batting: LHB Miguel García 0-0: Ball
1-0: Foul Ball, location: 2F
1-1: Swinging Strike
1-2: Ball
2-2: Strikes out swinging
Batting: RHB Earl Frank 0-0: Swinging Strike
0-1: Ball
1-1: Called Strike
1-2: Ball
2-2: Ball
3-2: Base on Balls
Eugene Lee to third
Jimmy King to second
Batting: LHB Jason King 0-0: Fly out, F8 (Line Drive, 8RM)
Bottom of the 3rd over - 0 run(s), 1 hit(s), 0 error(s), 3 left on base; Billings West HS 12 - Oliver Ames HS 2
TOP OF THE 4TH
Billings West HS Golden Bears batting - Pitching for Oliver Ames HS Tigers : RHP Keith Thomas
Batting: RHB Chris Hall 0-0: Ball
1-0: Ball
2-0: Called Strike
2-1: Called Strike
2-2: Ball
3-2: Base on Balls
Batting: LHB Andrew Holt 0-0: Ball
1-0: Ball
2-0: Swinging Strike
2-1: Ball
3-1: Foul Ball, location: 2F
3-2: Foul Ball, location: 2F
3-2: SINGLE (Line Drive, 34)
Chris Hall to second
Runner from 2nd tries for 3rd, SAFE, throw made to third
Andrew Holt to second
Batting: RHB Bill Reed 0-0: Called Strike
0-1: Foul Ball, location: 2F
0-2: Ball
1-2: Ball
2-2: Ball
3-2: Foul Ball, location: 2F
3-2: Foul Ball, location: 2F
3-2: SINGLE (Flyball, 89M)
Chris Hall scores
Andrew Holt to third
Throwing error, E9
Andrew Holt scores
Bill Reed to second
Batting: SHB Ray O'Dell 0-0: Ball
1-0: Ball
2-0: Ball
3-0: Called Strike
3-1: Base on Balls
Batting: RHB Jason Nava 0-0: Ball
1-0: Ball
2-0: Fly out, F9 (Flyball, 9LM)
Batting: RHB Dennis Garner 0-0: Ball
1-0: Ball
2-0: Ball
3-0: Base on Balls
Bill Reed to third
Ray O'Dell to second
Batting: RHB Henry Gregory 0-0: Called Strike
0-1: Ball
1-1: Ball
2-1: Ball
3-1: Base on Balls
Bill Reed scores
Ray O'Dell to third
Dennis Garner to second
Batting: RHB Cole Boehmer 0-0: Grounds into fielders choice 1-2 (Groundball, 13)
Dennis Garner to third
Henry Gregory to second
Batting: LHB Duane Lemay 0-0: Ball
1-0: Ball
2-0: Swinging Strike
2-1: Ball
3-1: Base on Balls
Dennis Garner scores
Henry Gregory to third
Cole Boehmer to second
Pitching: LHP Ray Karl
Batting: RHB Chris Hall 0-0: Called Strike
0-1: Ground out 6-3 (Groundball, 6)
Top of the 4th over - 4 run(s), 2 hit(s), 1 error(s), 3 left on base; Billings West HS 16 - Oliver Ames HS 2
BOTTOM OF THE 4TH
Oliver Ames HS Tigers batting - Pitching for Billings West HS Golden Bears : RHP Otis Buchanan
Batting: RHB Quentin Underwood 0-0: Called Strike
0-1: Ball
1-1: Reached on error, E6 (Groundball, 6)
Batting: RHB James Hunter 0-0: Ball
1-0: Ball
2-0: Ball
3-0: Called Strike
3-1: DOUBLE (Flyball, 8RXD)
Quentin Underwood to third
Batting: RHB Denver Baker 0-0: Called Strike
0-1: Ball
1-1: Ball
2-1: Foul Ball, location: 2F
2-2: Foul Ball, location: 2F
2-2: Ball
3-2: Base on Balls
Pitching: RHP Jeff Tucker
Batting: LHB Eugene Lee 0-0: Ball
1-0: Ball
2-0: Ball
3-0: Base on Balls
Quentin Underwood scores
James Hunter to third
Denver Baker to second
Batting: RHB Jimmy King 0-0: Swinging Strike
0-1: Ball
1-1: Ball
2-1: Ball
3-1: Foul Ball, location: 2F
3-2: Strikes out swinging
Batting: RHB Mason Thompson 0-0: Swinging Strike
0-1: Swinging Strike
0-2: SINGLE (Line Drive, 34D)
James Hunter scores
Denver Baker to third
Eugene Lee to second
Runner from 3rd tries for Home, SAFE, throw made home
Eugene Lee to third
Mason Thompson to second
Batting: LHB Miguel García 0-0: Ball
1-0: Swinging Strike
1-1: Foul Ball, location: 2F
1-2: Foul Ball, location: 2F
1-2: Foul Ball, location: 2F
1-2: Foul Ball, location: 2F
1-2: Fly out, F6 (Popup, 5D)
Batting: RHB Earl Frank 0-0: Ball
Wild Pitch!
Eugene Lee scores
Mason Thompson to third
1-0: Foul Ball, location: 2F
1-1: Fly out, F9 (Flyball, 89S)
Bottom of the 4th over - 4 run(s), 2 hit(s), 1 error(s), 1 left on base; Billings West HS 16 - Oliver Ames HS 6
TOP OF THE 5TH
Billings West HS Golden Bears batting - Pitching for Oliver Ames HS Tigers : LHP Ray Karl
Batting: LHB Andrew Holt 0-0: Called Strike
0-1: Called Strike
0-2: Strikes out swinging
Batting: RHB Bill Reed 0-0: Ball
1-0: Called Strike
1-1: Ball
2-1: Ball
3-1: SINGLE (Line Drive, 8LS)
Batting: SHB Ray O'Dell 0-0: Called Strike
0-1: Foul Ball, location: 2F
0-2: Foul Ball, location: 2F
0-2: Strikes out swinging
Batting: RHB Jason Nava 0-0: Foul Ball, location: 2F
0-1: Swinging Strike
0-2: Ball
1-2: Fielders Choice at 2nd, U6 (Groundball, 6M)
Top of the 5th over - 0 run(s), 1 hit(s), 0 error(s), 1 left on base; Billings West HS 16 - Oliver Ames HS 6
BOTTOM OF THE 5TH
Oliver Ames HS Tigers batting - Pitching for Billings West HS Golden Bears : RHP Jeff Tucker
Batting: LHB Jason King 0-0: Ball
1-0: Ball
2-0: Ball
3-0: Base on Balls
Batting: RHB Quentin Underwood 0-0: Called Strike
Jason King steals 2nd base
0-1: Ball
1-1: Ball
2-1: Called Strike
2-2: Ball
3-2: Base on Balls
Batting: RHB James Hunter 0-0: Grounds into double play, 6-4-3 (Groundball, 6)
Jason King to third
Batting: RHB Denver Baker 0-0: Ball
1-0: Called Strike
1-1: Fly out, F2 (Popup, 2LF)
Bottom of the 5th over - 0 run(s), 0 hit(s), 0 error(s), 1 left on base; Billings West HS 16 - Oliver Ames HS 6
TOP OF THE 6TH
Billings West HS Golden Bears batting - Pitching for Oliver Ames HS Tigers : LHP Ray Karl
Batting: RHB Dennis Garner 0-0: Ball
1-0: Swinging Strike
1-1: Foul Ball, location: 2F
1-2: Ball
2-2: Ball
3-2: Strikes out swinging
Batting: RHB Henry Gregory 0-0: Ball
1-0: Foul Ball, location: 2F
1-1: Called Strike
1-2: Strikes out swinging
Batting: RHB Cole Boehmer 0-0: Ball
1-0: Ball
2-0: Called Strike
2-1: Ball
3-1: SINGLE (Groundball, 6MD)
Batting: LHB Duane Lemay 0-0: Fly out, F8 (Popup, 6MD)
Top of the 6th over - 0 run(s), 1 hit(s), 0 error(s), 1 left on base; Billings West HS 16 - Oliver Ames HS 6
BOTTOM OF THE 6TH
Oliver Ames HS Tigers batting - Pitching for Billings West HS Golden Bears : RHP Jeff Tucker
Batting: LHB Eugene Lee 0-0: Foul Ball, location: 2F
0-1: Fly out, F8 (Flyball, 8RM)
Batting: RHB Jimmy King 0-0: Ball
1-0: Ball
2-0: Ball
3-0: Called Strike
3-1: Foul Ball, location: 2F
3-2: Base on Balls
Batting: RHB Mason Thompson 0-0: Ball
1-0: Ball
Jimmy King steals 2nd base
2-0: Ball
3-0: Called Strike
3-1: 2-RUN HOME RUN (Flyball, 7D), Distance : 400 ft
Batting: LHB Miguel García 0-0: Ball
1-0: Hit by Pitch
Pitching: RHP Darrel McAllister
Batting: RHB Earl Frank 0-0: Ball
1-0: Ball
2-0: Called Strike
2-1: Foul Ball, location: 2F
2-2: Strikes out swinging
Batting: LHB Jason King 0-0: Ball
1-0: Ball
2-0: Ball
3-0: Called Strike
3-1: Called Strike
3-2: Base on Balls
Miguel García to second
Batting: RHB Quentin Underwood 0-0: Ball
1-0: Swinging Strike
1-1: Swinging Strike
1-2: Ball
2-2: Ball
3-2: Base on Balls
Miguel García to third
Jason King to second
Batting: RHB James Hunter 0-0: Ball
1-0: Ball
2-0: Ball
3-0: Base on Balls
Miguel García scores
Jason King to third
Quentin Underwood to second
Batting: RHB Denver Baker 0-0: Ball
1-0: Ball
2-0: Ball
3-0: Base on Balls
Jason King scores
Quentin Underwood to third
James Hunter to second
Batting: LHB Eugene Lee 0-0: Foul Ball, location: 2F
0-1: Ball
1-1: Ball
2-1: Foul Ball, location: 2F
2-2: Foul Ball, location: 2F
2-2: Ball
3-2: Base on Balls
Quentin Underwood scores
James Hunter to third
Denver Baker to second
Batting: RHB Jimmy King 0-0: Fly out, F9 (Flyball, 9S)
Bottom of the 6th over - 5 run(s), 1 hit(s), 0 error(s), 3 left on base; Billings West HS 16 - Oliver Ames HS 11
TOP OF THE 7TH
Billings West HS Golden Bears batting - Pitching for Oliver Ames HS Tigers : LHP Ray Karl
Pitching: RHP Brian White
Batting: RHB Chris Hall 0-0: Called Strike
0-1: Ball
1-1: Ball
2-1: Called Strike
2-2: DOUBLE (Flyball, 89XD)
Batting: LHB Andrew Holt 0-0: Ball
1-0: Foul Ball, location: 2F
1-1: Ball
2-1: Ground out 1-3 (Groundball, 15S)
Batting: RHB Bill Reed 0-0: Ball
1-0: Called Strike
1-1: Swinging Strike
1-2: Fly out, F8 (Flyball, 8RM)
Batting: SHB Ray O'Dell 0-0: Ball
1-0: SINGLE (Popup, 4MD)
Chris Hall to third
Runner from 3rd tries for Home, SAFE, no throw or cutoff
Batting: RHB Jason Nava 0-0: Called Strike
Ray O'Dell is caught stealing 2nd base
Top of the 7th over - 1 run(s), 2 hit(s), 0 error(s), 0 left on base; Billings West HS 17 - Oliver Ames HS 11
BOTTOM OF THE 7TH
Oliver Ames HS Tigers batting - Pitching for Billings West HS Golden Bears : RHP Darrel McAllister
Batting: RHB Mason Thompson 0-0: Foul Ball, location: 2F
0-1: Ball
1-1: Called Strike
1-2: Strikes out swinging
Batting: LHB Miguel García 0-0: Foul Ball, location: 2F
0-1: Ball
1-1: Called Strike
1-2: Foul Ball, location: 2F
1-2: SOLO HOME RUN (Line Drive, 9D), Distance : 392 ft
Batting: RHB Earl Frank 0-0: Ball
1-0: Called Strike
1-1: Fly out, F4 (Popup, 4)
Batting: LHB Jason King 0-0: Ball
1-0: Called Strike
1-1: Swinging Strike
1-2: Ball
2-2: SINGLE (Groundball, 6M)
Batting: RHB Quentin Underwood 0-0: Swinging Strike
0-1: Foul Ball, location: 2F
0-2: Ball
1-2: Strikes out swinging
Bottom of the 7th over - 1 run(s), 2 hit(s), 0 error(s), 1 left on base; Billings West HS 17 - Oliver Ames HS 12
TOP OF THE 8TH
Billings West HS Golden Bears batting - Pitching for Oliver Ames HS Tigers : RHP Brian White
Batting: RHB Jason Nava 0-0: Ball
1-0: Ground out 5-3 (Groundball, 56)
Batting: RHB Dennis Garner 0-0: Ball
1-0: Ball
2-0: Ball
3-0: Base on Balls
Batting: RHB Henry Gregory 0-0: Ball
1-0: Called Strike
1-1: 2-RUN HOME RUN (Flyball, 78XD), Distance : 433 ft
Batting: RHB Cole Boehmer 0-0: Ball
1-0: Ball
2-0: Called Strike
2-1: Ball
3-1: Base on Balls
Batting: LHB Duane Lemay 0-0: Ball
1-0: Swinging Strike
1-1: Foul Ball, location: 2F
1-2: Ground out U3 (Groundball, 3S)
Cole Boehmer to second
Batting: RHB Chris Hall 0-0: Swinging Strike
0-1: SINGLE (Line Drive, 8LS)
Cole Boehmer to third
Runner from 3rd tries for Home, SAFE, no throw or cutoff
Pitching: RHP Travis Colman
Batting: LHB Andrew Holt 0-0: Ball
1-0: Ball
2-0: Called Strike
2-1: Fly out, F8 (Flyball, 8LM)
Top of the 8th over - 3 run(s), 2 hit(s), 0 error(s), 1 left on base; Billings West HS 20 - Oliver Ames HS 12
BOTTOM OF THE 8TH
Oliver Ames HS Tigers batting - Pitching for Billings West HS Golden Bears : RHP Darrel McAllister
Pitching: RHP Danny Ramos
Batting: RHB James Hunter 0-0: Ball
1-0: Ball
2-0: Called Strike
2-1: Called Strike
2-2: Ball
3-2: Base on Balls
Batting: RHB Denver Baker 0-0: Ball
1-0: Ball
2-0: Foul Ball, location: 2F
2-1: Called Strike
2-2: Strikes out swinging
Batting: LHB Eugene Lee 0-0: Called Strike
0-1: Ball
1-1: Called Strike
1-2: Ball
2-2: Ball
Wild Pitch!
James Hunter to second
3-2: Fly out, F8 (Flyball, 8RM)
Batting: RHB Jimmy King 0-0: Called Strike
0-1: Ball
1-1: Swinging Strike
1-2: Ball
2-2: Foul Ball, location: 2F
2-2: Ball
3-2: Base on Balls
Batting: RHB Mason Thompson 0-0: DOUBLE (Flyball, 8LM)
James Hunter scores
Jimmy King to third
Runner from 3rd tries for Home, SAFE, no throw or cutoff
Batting: LHB Miguel García 0-0: Called Strike
0-1: Ball
1-1: Ball
2-1: Ball
3-1: TRIPLE (Line Drive, 89M)
Mason Thompson scores
Batting: RHB Earl Frank 0-0: Called Strike
0-1: Ground out 5-3 (Groundball, 5L)
Bottom of the 8th over - 3 run(s), 2 hit(s), 0 error(s), 1 left on base; Billings West HS 20 - Oliver Ames HS 15
TOP OF THE 9TH
Billings West HS Golden Bears batting - Pitching for Oliver Ames HS Tigers : RHP Travis Colman
Pitching: RHP Bob Rivera
Batting: RHB Bill Reed 0-0: Fly out, F9 (Flyball, 89D)
Batting: SHB Ray O'Dell 0-0: SOLO HOME RUN (Flyball, 78D), Distance : 414 ft
Batting: RHB Jason Nava 0-0: Foul Ball, location: 2F
0-1: Called Strike
0-2: Ball
1-2: Foul Ball, location: 2F
1-2: Strikes out swinging
Batting: RHB Dennis Garner 0-0: Ball
1-0: Ball
2-0: Called Strike
2-1: Ground out 6-3 (Groundball, 6M)
Top of the 9th over - 1 run(s), 1 hit(s), 0 error(s), 0 left on base; Billings West HS 21 - Oliver Ames HS 15
BOTTOM OF THE 9TH
Oliver Ames HS Tigers batting - Pitching for Billings West HS Golden Bears : RHP Danny Ramos
Batting: LHB Jason King 0-0: Called Strike
0-1: Ground out 1-3 (Groundball, 13)
Batting: RHB Quentin Underwood 0-0: Ball
1-0: Foul Ball, location: 2F
1-1: Swinging Strike
1-2: Ball
2-2: Foul Ball, location: 2F
2-2: Ball
3-2: Base on Balls
Batting: RHB James Hunter 0-0: Fly out, F5 (Popup, 5SF)
Batting: RHB Denver Baker 0-0: Ball
1-0: Ball
2-0: Foul Ball, location: 2F
2-1: Ball
3-1: Swinging Strike
3-2: DOUBLE (Flyball, 9LM)
Quentin Underwood to third
Quentin Underwood scores
Pitching: RHP Ward Hunter
Batting: LHB Eugene Lee 0-0: Ball
1-0: Ball
2-0: Ball
3-0: Base on Balls
Batting: RHB Jimmy King 0-0: SINGLE (Line Drive, 89M)
Denver Baker to third
Eugene Lee to second
Runner from 3rd tries for Home, SAFE, no throw or cutoff
Pitching: LHP Larry Payne
Batting: RHB Mason Thompson 0-0: Swinging Strike
0-1: Ball
1-1: Foul Ball, location: 2F
1-2: Ball
2-2: Strikes out swinging
Bottom of the 9th over - 2 run(s), 2 hit(s), 0 error(s), 2 left on base; Billings West HS 21 - Oliver Ames HS 17
This league is powered by Out of the Park Baseball, the baseball management simulation game for PC, Mac and Linux
Saturday, April 9th, 2016 - OOTP Baseball 16.8 Build 38